CLL
STOCKTON MARINERS @ VISALIA METS
06/17/1982
 
TOP OF THE 1ST
Stockton Mariners batting - Pitching for Visalia Mets : RHP Tom Rowe
Pitching: RHP Tom Rowe
Batting: LHB Harold Perkins 0-0: Called Strike
0-1: Fly out, F8 (Flyball, 8RD, EV 86.9 MPH)
Batting: LHB Ricky Nelson 0-0: Ball
1-0: Fly out, F7 (Line Drive, 7, EV 91.9 MPH)
Batting: LHB Marvin Ward 0-0: Called Strike
0-1: Swinging Strike
0-2: Ball
1-2: Ball
2-2: Strikes out swinging, 2-3 out at first.
Top of the 1st over - 0 runs, 0 hits, 0 errors, 0 left on base; Stockton 0 - Visalia 0
BOTTOM OF THE 1ST
Visalia Mets batting - Pitching for Stockton Mariners : RHP Joe McClain
Pitching: RHP Joe McClain
Batting: RHB Danny Ainge 0-0: Ball
1-0: Foul Ball, location: 2F
1-1: Ball
2-1: Fly out, F8 (Flyball, 8LXD, EV 105.0 MPH)
Batting: SHB David Navarro 0-0: Ball
1-0: Ball
2-0: Foul Ball, location: 2F
2-1: SINGLE (Line Drive, 78M, EV 105.6 MPH)
Batting: LHB Huey Gayden 0-0: Ball
1-0: Foul Ball, location: 2F
1-1: Ball
2-1: Foul Ball, location: 2F
2-2: Ball
David Navarro steals 2nd base
3-2: Foul Ball, location: 2F
3-2: Ground out 4-3 (Groundball, 4, EV 103.8 MPH)
David Navarro to third
Batting: LHB Pete Dalena 0-0: Swinging Strike
0-1: Ball
1-1: Fly out, F8 (Line Drive, 8RM, EV 99.4 MPH)
Bottom of the 1st over - 0 runs, 1 hit, 0 errors, 1 left on base; Stockton 0 - Visalia 0
TOP OF THE 2ND
Stockton Mariners batting - Pitching for Visalia Mets : RHP Tom Rowe
Batting: LHB David Cawthon 0-0: Ball
1-0: Foul Ball, location: 2F
1-1: SINGLE (Flyball, 89S, EV 96.3 MPH)
Batting: SHB Eddie Tanner 0-0: Ball
1-0: Ball
2-0: Ball
3-0: Base on Balls
David Cawthon to second
Batting: LHB Marty Pevey 0-0: Called Strike
0-1: Foul Ball, location: 2F
0-2: Strikes out looking
Batting: LHB Duane Evans 0-0: Called Strike
0-1: Fly out, F9 (Flyball, 9, EV 85.0 MPH)
Batting: LHB Victor Gavidia 0-0: Ball
1-0: Ball
2-0: Foul Ball, location: 2F
2-1: Ball
3-1: Ground out 6-3 (Groundball, P, EV 86.3 MPH)
Top of the 2nd over - 0 runs, 1 hit, 0 errors, 2 left on base; Stockton 0 - Visalia 0
BOTTOM OF THE 2ND
Visalia Mets batting - Pitching for Stockton Mariners : RHP Joe McClain
Batting: SHB Marcos Gomez 0-0: Called Strike
0-1: Foul Ball, location: 2F
0-2: Ball
1-2: Strikes out swinging
Batting: RHB Ed Sedar 0-0: Ball
1-0: Ball
2-0: Called Strike
2-1: Fly out, F8 (Flyball, 8LD, EV 93.1 MPH)
Batting: RHB Ken Frazier 0-0: Called Strike
0-1: Swinging Strike
0-2: Ball
1-2: DOUBLE (Line Drive, 5D, EV 98.8 MPH)
Batting: RHB Lloyd Bessard 0-0: Called Strike
0-1: Swinging Strike
0-2: Strikes out swinging, 2-3 out at first.
Bottom of the 2nd over - 0 runs, 1 hit, 0 errors, 1 left on base; Stockton 0 - Visalia 0
TOP OF THE 3RD
Stockton Mariners batting - Pitching for Visalia Mets : RHP Tom Rowe
Batting: RHB Brian Greer 0-0: Ground out U3 (Groundball, 23, EV 86.9 MPH)
Batting: LHB Harold Perkins 0-0: Ball
1-0: Called Strike
1-1: Called Strike
1-2: Ground out 4-3 (Groundball, 4, EV 105.6 MPH)
Batting: LHB Ricky Nelson 0-0: DOUBLE (Flyball, 8LXD, EV 111.3 MPH)
Batting: LHB Marvin Ward 0-0: DOUBLE (Flyball, 8RXD, EV 100.0 MPH)
Ricky Nelson scores
Batting: LHB David Cawthon 0-0: Foul Ball, location: 2F
0-1: Foul Ball, location: 2F
0-2: Ball
1-2: Strikes out swinging
Top of the 3rd over - 1 run, 2 hits, 0 errors, 1 left on base; Stockton 1 - Visalia 0
BOTTOM OF THE 3RD
Visalia Mets batting - Pitching for Stockton Mariners : RHP Joe McClain
Batting: SHB Daniel Robie 0-0: Ball
1-0: Ball
2-0: Swinging Strike
2-1: Swinging Strike
2-2: Ball
3-2: Foul Ball, location: 2F
3-2: Base on Balls
Batting: RHB Danny Ainge 0-0: Called Strike
Daniel Robie steals 2nd base
0-1: Ball
1-1: Ball
2-1: Swinging Strike
2-2: Ball
3-2: Strikes out swinging passed ball, reaches first!
Daniel Robie to third
Batting: SHB David Navarro 0-0: Foul Ball, location: 2F
0-1: Fly out, F7 (Flyball, 78D, EV 86.3 MPH)
Runner from 3rd tags up, SCORES, throw by LF
Batting: LHB Huey Gayden 0-0: Called Strike
0-1: Fly out, F9 (Flyball, 9, EV 83.8 MPH)
Batting: LHB Pete Dalena 0-0: Ball
1-0: Foul Ball, location: 2F
1-1: Swinging Strike
1-2: Ground out 4-3 (Groundball, 4, EV 111.9 MPH)
Bottom of the 3rd over - 1 run, 0 hits, 0 errors, 1 left on base; Stockton 1 - Visalia 1
TOP OF THE 4TH
Stockton Mariners batting - Pitching for Visalia Mets : RHP Tom Rowe
Batting: SHB Eddie Tanner 0-0: Called Strike
0-1: Foul Ball, location: 2F
0-2: Ball
1-2: Fly out, F8 (Line Drive, 8RD, EV 88.8 MPH)
Batting: LHB Marty Pevey 0-0: Ball
1-0: Ball
2-0: SINGLE (Groundball, 3S, EV 76.9 MPH) (infield hit)
Batting: LHB Duane Evans 0-0: Called Strike
0-1: Called Strike
0-2: Ball
1-2: Ball
2-2: Foul Ball, location: 2F
2-2: Foul Ball, location: 2F
2-2: Fly out, F9 (Line Drive, 9, EV 108.1 MPH)
Batting: LHB Victor Gavidia 0-0: Ball
1-0: Foul Ball, location: 2F
1-1: Ball
2-1: Ball
3-1: Called Strike
3-2: Foul Ball, location: 2F
3-2: Foul Ball, location: 2F
3-2: Strikes out looking
Top of the 4th over - 0 runs, 1 hit, 0 errors, 1 left on base; Stockton 1 - Visalia 1
BOTTOM OF THE 4TH
Visalia Mets batting - Pitching for Stockton Mariners : RHP Joe McClain
Batting: SHB Marcos Gomez 0-0: Ball
1-0: Called Strike
1-1: Ground out 5-3 (Groundball, 56, EV 100.0 MPH)
Batting: RHB Ed Sedar 0-0: Swinging Strike
0-1: Ball
1-1: Ball
2-1: Fly out, F8 (Line Drive, 8RM, EV 102.5 MPH)
Batting: RHB Ken Frazier 0-0: Ball
1-0: Swinging Strike
1-1: Fly out, F4 (Line Drive, 4, EV 73.1 MPH)
Bottom of the 4th over - 0 runs, 0 hits, 0 errors, 0 left on base; Stockton 1 - Visalia 1
TOP OF THE 5TH
Stockton Mariners batting - Pitching for Visalia Mets : RHP Tom Rowe
Batting: RHB Brian Greer 0-0: Ball
1-0: Swinging Strike
1-1: Swinging Strike
1-2: SINGLE (Groundball, 6D, EV 98.8 MPH)
Batting: LHB Harold Perkins 0-0: Foul Ball, location: 2F
0-1: Swinging Strike
0-2: Ball
1-2: Ball
Passed Ball!
Brian Greer to second
2-2: Ball
3-2: SINGLE (Groundball, 34D, EV 103.8 MPH)
Brian Greer to third
Runner from 3rd tries for Home, SAFE, throw by RF to home
Batting: LHB Ricky Nelson 0-0: Ball
Harold Perkins steals 2nd base (no throw)
1-0: Ball
2-0: DOUBLE (Groundball, 3L, EV 96.3 MPH)
Harold Perkins scores
Batting: LHB Marvin Ward 0-0: Swinging Strike
0-1: Foul Ball, location: 2F
0-2: Ball
1-2: Ball
2-2: Ball
3-2: Base on Balls
Batting: LHB David Cawthon 0-0: Foul Ball, location: 2F
0-1: Ball
1-1: Fly out, F8 (Line Drive, 8LM, EV 86.3 MPH)
Batting: SHB Eddie Tanner 0-0: Foul Ball, location: 2F
0-1: Foul Ball, location: 2F
0-2: Fielders Choice at 2nd, 3-6 (Groundball, 3, EV 106.3 MPH)
Ricky Nelson to third
Batting: LHB Marty Pevey 0-0: Ball
1-0: Ball
2-0: SINGLE (Line Drive, 3, EV 71.3 MPH) (infield hit)
Ricky Nelson scores
Eddie Tanner to second
Batting: LHB Duane Evans 0-0: Ball
1-0: Ball
2-0: Called Strike
2-1: Foul Ball, location: 2F
2-2: Strikes out swinging
Top of the 5th over - 3 runs, 4 hits, 0 errors, 2 left on base; Stockton 4 - Visalia 1
BOTTOM OF THE 5TH
Visalia Mets batting - Pitching for Stockton Mariners : RHP Joe McClain
Batting: RHB Lloyd Bessard 0-0: Ball
1-0: Ground out 5-3 (Groundball, 56S, EV 64.4 MPH)
Batting: SHB Daniel Robie 0-0: Ball
1-0: Foul Ball, location: 2F
1-1: Ball
2-1: Fly out, F7 (Flyball, 7D, EV 92.5 MPH)
Batting: RHB Danny Ainge 0-0: Ball
1-0: Reached on error, E9 (Flyball, 89M, EV 90.6 MPH)
Batting: SHB David Navarro 0-0: Called Strike
0-1: Called Strike
0-2: SINGLE (Line Drive, 78S, EV 101.9 MPH)
Danny Ainge to third
Runner from 3rd tries for Home, SAFE, throw by LF to home
Batting: LHB Huey Gayden 0-0: SINGLE (Groundball, 4D, EV 100.6 MPH)
David Navarro to second
Runner from 2nd tries for 3rd, OUT! 8-5
Bottom of the 5th over - 1 run, 2 hits, 1 error, 1 left on base; Stockton 4 - Visalia 2
TOP OF THE 6TH
Stockton Mariners batting - Pitching for Visalia Mets : RHP Tom Rowe
Batting: LHB Victor Gavidia 0-0: Ball
1-0: Ball
2-0: Foul Ball, location: 2F
2-1: Ball
3-1: Ground out 4-3 (Groundball, 4, EV 90.6 MPH)
Batting: RHB Brian Greer 0-0: Called Strike
0-1: Ball
1-1: Ball
2-1: Swinging Strike
2-2: Strikes out swinging
Batting: LHB Harold Perkins 0-0: Called Strike
0-1: Ground out 1-3 (Groundball, 13S, EV 76.3 MPH)
Top of the 6th over - 0 runs, 0 hits, 0 errors, 0 left on base; Stockton 4 - Visalia 2
BOTTOM OF THE 6TH
Visalia Mets batting - Pitching for Stockton Mariners : RHP Joe McClain
Batting: LHB Pete Dalena 0-0: Ball
1-0: Foul Ball, location: 2F
1-1: Ball
2-1: Swinging Strike
2-2: Foul Ball, location: 2F
2-2: Fly out, F8 (Flyball, 89M, EV 84.4 MPH)
Batting: SHB Marcos Gomez 0-0: Swinging Strike
0-1: Ground out 4-3 (Groundball, 4, EV 101.9 MPH)
Batting: RHB Ed Sedar 0-0: Hit by Pitch
Batting: RHB Ken Frazier 0-0: Called Strike
0-1: Ball
1-1: Fly out, F8 (Flyball, 8RXD, EV 101.3 MPH)
Bottom of the 6th over - 0 runs, 0 hits, 0 errors, 1 left on base; Stockton 4 - Visalia 2
TOP OF THE 7TH
Stockton Mariners batting - Pitching for Visalia Mets : RHP Tom Rowe
Batting: LHB Ricky Nelson 0-0: Hit by Pitch
Batting: LHB Marvin Ward 0-0: Ball
1-0: Called Strike
1-1: DOUBLE (Flyball, 8RXD, EV 91.9 MPH)
Ricky Nelson to third
Batting: LHB David Cawthon 0-0: Ball
1-0: Ball
2-0: 3-RUN HOME RUN (Flyball, 89XD, EV 95.6 MPH), Distance : 401 ft
Pitching: RHP Mike Ferguson
Batting: SHB Eddie Tanner 0-0: Fly out, F8 (Flyball, 8RD, EV 95.0 MPH)
Batting: LHB Marty Pevey 0-0: SOLO HOME RUN (Flyball, 89XD, EV 92.5 MPH), Distance : 414 ft
Batting: LHB Duane Evans 0-0: Ball
1-0: Ball
2-0: Ball
3-0: Base on Balls
Batting: LHB Victor Gavidia 0-0: Ball
1-0: Ball
2-0: Fly out, F8 (Line Drive, 8LM, EV 95.6 MPH)
Batting: RHB Brian Greer 0-0: Foul Ball, location: 2F
0-1: Swinging Strike
0-2: Ball
1-2: Strikes out swinging
Top of the 7th over - 4 runs, 3 hits, 0 errors, 1 left on base; Stockton 8 - Visalia 2
BOTTOM OF THE 7TH
Visalia Mets batting - Pitching for Stockton Mariners : RHP Joe McClain
Batting: RHB Lloyd Bessard 0-0: Ball
1-0: Ball
2-0: Ball
3-0: Called Strike
3-1: Foul Ball, location: 2F
3-2: Strikes out swinging
Batting: SHB Daniel Robie 0-0: Ball
1-0: Foul Ball, location: 2F
1-1: Fly out, F9 (Line Drive, 9, EV 96.9 MPH)
Batting: RHB Danny Ainge 0-0: Foul Ball, location: 2F
0-1: Ball
1-1: Foul Ball, location: 2F
1-2: Ball
2-2: Foul Ball, location: 2F
2-2: TRIPLE (Line Drive, 8LXD, EV 107.5 MPH)
Batting: SHB David Navarro 0-0: Called Strike
0-1: Ball
1-1: Swinging Strike
1-2: Strikes out swinging
Bottom of the 7th over - 0 runs, 1 hit, 0 errors, 1 left on base; Stockton 8 - Visalia 2
TOP OF THE 8TH
Stockton Mariners batting - Pitching for Visalia Mets : RHP Mike Ferguson
Batting: LHB Harold Perkins 0-0: Ball
1-0: Foul Ball, location: 2F
1-1: Ball
2-1: Foul Ball, location: 2F
2-2: Ground out U3 (Groundball, 34, EV 101.9 MPH)
Batting: LHB Ricky Nelson 0-0: Foul Ball, location: 2F
0-1: Swinging Strike
0-2: Ball
1-2: Ball
2-2: Strikes out swinging
Batting: LHB Marvin Ward 0-0: Ball
1-0: Foul Ball, location: 2F
1-1: Swinging Strike
1-2: Ground out 4-3 (Groundball, 34D, EV 84.4 MPH)
Top of the 8th over - 0 runs, 0 hits, 0 errors, 0 left on base; Stockton 8 - Visalia 2
BOTTOM OF THE 8TH
Visalia Mets batting - Pitching for Stockton Mariners : RHP Joe McClain
Batting: LHB Huey Gayden 0-0: Ground out U3 (Groundball, 3, EV 78.1 MPH)
Batting: LHB Pete Dalena 0-0: Ball
1-0: DOUBLE (Line Drive, 89M, EV 95.6 MPH)
Batting: SHB Marcos Gomez 0-0: Swinging Strike
0-1: Swinging Strike
0-2: Fly out, F6 (Line Drive, 6, EV 65.6 MPH)
Batting: RHB Ed Sedar 0-0: Ball
1-0: Called Strike
1-1: Foul Ball, location: 2F
1-2: Foul Ball, location: 2F
1-2: Fly out, F9 (Flyball, 89M, EV 98.1 MPH)
Bottom of the 8th over - 0 runs, 1 hit, 0 errors, 1 left on base; Stockton 8 - Visalia 2
TOP OF THE 9TH
Stockton Mariners batting - Pitching for Visalia Mets : RHP Mike Ferguson
Batting: LHB David Cawthon 0-0: Ball
1-0: Ball
2-0: Ball
3-0: Called Strike
3-1: Base on Balls
Pitching: RHP Marcos Gonzalez
Batting: SHB Eddie Tanner 0-0: Ball
1-0: Called Strike
1-1: Ball
2-1: Fly out, F7 (Flyball, 7, EV 86.3 MPH)
Batting: LHB Marty Pevey 0-0: Called Strike
0-1: Ball
1-1: Swinging Strike
1-2: Ball
2-2: Fly out, F8 (Flyball, 8RM, EV 85.6 MPH)
Batting: LHB Duane Evans 0-0: Swinging Strike
0-1: Swinging Strike
0-2: Strikes out swinging
Top of the 9th over - 0 runs, 0 hits, 0 errors, 1 left on base; Stockton 8 - Visalia 2
BOTTOM OF THE 9TH
Visalia Mets batting - Pitching for Stockton Mariners : RHP Joe McClain
Batting: RHB Ken Frazier 0-0: Called Strike
0-1: Ground out 6-3 (Groundball, 6, EV 84.4 MPH)
Batting: RHB Lloyd Bessard 0-0: SINGLE (Line Drive, 7S, EV 107.5 MPH)
Pitching: RHP Dean Martinez
Batting: SHB Daniel Robie 0-0: Ball
1-0: Ball
2-0: SINGLE (Groundball, 6M, EV 101.9 MPH) (infield hit)
Lloyd Bessard to second
Batting: RHB Danny Ainge 0-0: Ball
1-0: Ball
2-0: Swinging Strike
2-1: Ground out 3-1 (Groundball, 23, EV 91.9 MPH)
Lloyd Bessard to third
Daniel Robie to second
Batting: SHB David Navarro 0-0: Called Strike
0-1: Fly out, F9 (Line Drive, 9, EV 92.5 MPH)
Bottom of the 9th over - 0 runs, 2 hits, 0 errors, 2 left on base; Stockton 8 - Visalia 2
Friday, August 7th, 2020 - OOTP Baseball 21.5 Build 76